 Dungeon Crawl Stone Soup version 0.22.0 (webtiles) character file.

2574 Blackhawk the Shield-Bearer (level 9, -17/74 HPs)
             Began as a Gnoll Fighter on Oct 21, 2018.
             Demolished by a two-headed ogre
             ... wielding a +0 giant spiked club
              (27 damage)
             ... on level 6 of the Dungeon.
             The game lasted 00:11:57 (4394 turns).

Blackhawk the Shield-Bearer (Gnoll Fighter)         Turns: 4394, Time: 00:11:58

Health: -17/74     AC: 13    Str: 21    XL:     9   Next: 57%
Magic:  15/15      EV:  7    Int: 11    God:
Gold:   314        SH: 13    Dex: 18    Spells: 16/16 levels left

rFire    . . .     SeeInvis .   s - +3 hand axe (venom)
rCold    . . .     Gourm    .   c - +1 shield
rNeg     . . .     Faith    .   v - +0 plate armour
rPois    .         Spirit   .   (no helmet)
rElec    .         Reflect  .   (no cloak)
rCorr    .         Harm     .   (no gloves)
MR       .....                  (no boots)
Stlth    ..........             r - amulet of regeneration
HPRegen  0.62/turn              w - +3 ring of dexterity
MPRegen  0.14/turn              (no ring)

@: no status effects
A: distributed training, fangs 1, strong nose
a: no special abilities


You were on level 6 of the Dungeon.
You were not hungry.

You visited 1 branch of the dungeon, and saw 6 of its levels.

You collected 314 gold pieces.

Inventory:

Hand Weapons
 a - a cursed +2 morningstar of crushing
 s - a +3 hand axe of venom (weapon)
Missiles
 h - 236 stones (quivered)
 m - 43 sling bullets
Armour
 c - a +1 shield (worn)
 v - a +0 plate armour (worn)
 x - a +0 pair of boots
Jewellery
 r - an amulet of regeneration (around neck)
 w - a +3 ring of dexterity (left hand)
Wands
 y - a wand of flame (17)
 C - a wand of paralysis (18)
Scrolls
 g - a scroll of fog {unknown}
 i - 6 scrolls of teleportation
 j - a scroll of random uselessness {unknown}
 k - 4 scrolls of identify
 l - a scroll of brand weapon {unknown}
 n - a scroll of noise
 o - a scroll of remove curse
 A - a scroll of magic mapping {unknown}
Potions
 d - 3 potions of might
 e - 2 potions of heal wounds
 p - 2 potions of curing {unknown}
 q - 2 potions of mutation {unknown}
 t - a potion of agility {unknown}
 u - a potion of flight {unknown}
 z - a potion of degeneration {unknown}
 B - a potion of lignification {unknown}
Comestibles
 b - 2 chunks of flesh
 f - 12 rations


   Skills:
 + Level 7.9 Fighting
 + Level 4.3 Short Blades
 + Level 4.3 Long Blades
 + Level 6.3 Axes
 + Level 4.3 Maces & Flails
 + Level 4.3 Polearms
 + Level 4.3 Staves
 + Level 4.3 Slings
 + Level 4.3 Bows
 + Level 4.3 Crossbows
 + Level 4.3 Throwing
 + Level 7.9 Armour
 + Level 4.3 Dodging
 + Level 4.3 Stealth
 + Level 7.9 Shields
 + Level 4.3 Unarmed Combat
 + Level 4.3 Spellcasting
 + Level 3.5 Conjurations
 + Level 3.5 Hexes
 + Level 3.5 Charms
 + Level 3.5 Summonings
 + Level 3.5 Necromancy
 + Level 3.5 Translocations
 + Level 3.5 Transmutations
 + Level 3.5 Fire Magic
 + Level 3.5 Ice Magic
 + Level 3.5 Air Magic
 + Level 3.5 Earth Magic
 + Level 3.5 Poison Magic
 + Level 4.7 Invocations
 + Level 4.3 Evocations


You had 16 spell levels left.
You didn't know any spells.
Your spell library was empty.

Dungeon Overview and Level Annotations

Branches:
Dungeon (6/15)             Temple (0/1) D:5

Altars:
Elyvilon
Qazlal
Sif Muna
Uskayaw
Vehumet
Wu Jian
Yredelemnul
Zin


Innate Abilities, Weirdness & Mutations

Your experience applies equally to all skills.
You have very sharp teeth.
Your uncanny sense of smell can sniff out nearby items.


Message History

There is a stone staircase leading down here.
You block the two-headed ogre's attack.
The two-headed ogre hits you with a giant club!
* * * LOW HITPOINT WARNING * * *
The orc hits you but does no damage. x2; You block the orc's attack.
You climb downwards.
The orc warrior hits you with a mace.
* * * LOW HITPOINT WARNING * * *
There is a stone staircase leading up, spattered with blood here.
You slash the two-headed ogre!
You bite the two-headed ogre, but do no damage.
The two-headed ogre is moderately wounded.
You hit the orc.
The orc is poisoned.
Your plate armour prevents you from hitting the orc.
You hit the orc warrior but do no damage.
The orc warrior is poisoned.
You barely miss the orc. The orc warrior hits you with a mace!
* * * LOW HITPOINT WARNING * * *
You block the orc's attack.
The two-headed ogre hits you with a giant spiked club!!
You die...

........#....#.#.......#...####..
........#.####.#......†'w..##....
........#...##)#.....w{#...##....
.............(.##.....##...#.....
.#####......(.[###...# #........#
.# #.........###### ########## .#
#....(..#.z...############# ##
##.........o..............#
########.......o@o.............##
................oO...............
..........................###....
..........................###....
.................................
............#.......#............
#......##.######....#............
#......##'######....#............
###........)........#............


You could see a two-headed ogre, an orc warrior, a wight and 3 orcs.

Vanquished Creatures
  An ugly thing (D:6)
  Prince Ribbit (D:6)
  A hippogriff (D:6)
  Sigmund (D:3)
  Eustachio (D:5)
  A sky beast (D:6)
  An ice beast (D:6)
  An ogre (D:5)
  A necrophage (D:5)
  2 centaurs (D:6)
  A bullfrog (D:6)
  Blork the orc (D:6)
  A scorpion (D:4)
  3 killer bees (D:6)
  5 wights (D:6)
  2 crimson imps
  A centaur zombie (D:5)
  A quasit (D:6)
  A hound (D:6)
  An orc wizard (D:5)
  An iguana (D:5)
  2 worker ants
  A hound zombie (D:5)
  4 gnolls (D:6)
  7 adders
  2 oozes
  2 adder skeletons
  A worm (D:2)
  A dart slug (D:3)
  4 leopard geckos
  9 orcs
  6 giant cockroaches
  9 goblins
  9 hobgoblins
  19 jackals
  5 kobolds
  A quokka (D:3)
  10 bats
  5 frilled lizards
  A giant cockroach zombie (D:5)
  A jackal skeleton (D:6)
  A leopard gecko skeleton (D:4)
  2 quokka skeletons
  9 rats
140 creatures vanquished.

Notes
Turn   | Place    | Note
-------+----------+-------------------------------------------
     0 | D:1      | Blackhawk the Gnoll Fighter began the quest for the Orb.
     0 | D:1      | Reached XP level 1. HP: 23/23 MP: 1/1
    73 | D:1      | Reached XP level 2. HP: 19/29 MP: 2/2
   372 | D:1      | Reached XP level 3. HP: 35/35 MP: 3/3
   501 | D:1      | Reached skill level 1 in Invocations
   553 | D:1      | Reached skill level 1 in Short Blades
   553 | D:1      | Reached skill level 1 in Long Blades
   553 | D:1      | Reached skill level 1 in Maces & Flails
   553 | D:1      | Reached skill level 1 in Polearms
   553 | D:1      | Reached skill level 1 in Staves
   553 | D:1      | Reached skill level 1 in Slings
   553 | D:1      | Reached skill level 1 in Bows
   553 | D:1      | Reached skill level 1 in Crossbows
   553 | D:1      | Reached skill level 1 in Throwing
   553 | D:1      | Reached skill level 1 in Dodging
   553 | D:1      | Reached skill level 1 in Stealth
   553 | D:1      | Reached skill level 1 in Unarmed Combat
   553 | D:1      | Reached skill level 1 in Spellcasting
   553 | D:1      | Reached skill level 1 in Evocations
   561 | D:1      | Reached XP level 4. HP: 39/41 MP: 5/5
   839 | D:2      | Found a white marble altar of Elyvilon.
  1005 | D:2      | Reached skill level 1 in Conjurations
  1005 | D:2      | Reached skill level 1 in Hexes
  1005 | D:2      | Reached skill level 1 in Charms
  1005 | D:2      | Reached skill level 1 in Summonings
  1005 | D:2      | Reached skill level 1 in Necromancy
  1005 | D:2      | Reached skill level 1 in Translocations
  1005 | D:2      | Reached skill level 1 in Transmutations
  1005 | D:2      | Reached skill level 1 in Fire Magic
  1005 | D:2      | Reached skill level 1 in Ice Magic
  1005 | D:2      | Reached skill level 1 in Air Magic
  1005 | D:2      | Reached skill level 1 in Earth Magic
  1005 | D:2      | Reached skill level 1 in Poison Magic
  1353 | D:2      | Found a hide-covered altar of Uskayaw.
  1356 | D:2      | Found an ornate altar of the Wu Jian Council.
  1359 | D:2      | Found a basalt altar of Yredelemnul.
  1362 | D:2      | Found a glowing silver altar of Zin.
  1566 | D:3      | Noticed Sigmund
  1583 | D:2      | Reached XP level 5. HP: 36/47 MP: 6/6
  1725 | D:3      | Killed Sigmund
  1725 | D:3      | Reached XP level 6. HP: 27/53 MP: 6/8
  1978 | D:3      | Found a stormy altar of Qazlal.
  2490 | D:4      | Reached skill level 5 in Axes
  2593 | D:4      | Found a deep blue altar of Sif Muna.
  2805 | D:5      | Entered Level 5 of the Dungeon
  2847 | D:5      | Reached XP level 7. HP: 43/59 MP: 10/10
  2849 | D:5      | Found a staircase to the Ecumenical Temple.
  2983 | D:5      | Found a radiant altar of Vehumet.
  3187 | D:5      | Noticed Eustachio
  3228 | D:5      | Killed Eustachio
  3489 | D:5      | Reached XP level 8. HP: 67/67 MP: 12/12
  3775 | D:6      | Noticed Blork the orc
  3785 | D:6      | Killed Blork the orc
  3885 | D:6      | Noticed a purple ugly thing
  3911 | D:6      | Killed a purple ugly thing
  4021 | D:6      | Reached XP level 9. HP: 62/72 MP: 14/14
  4054 | D:6      | Noticed Prince Ribbit
  4078 | D:6      | Killed Prince Ribbit
  4353 | D:6      | Noticed a two-headed ogre
  4394 | D:6      | Demolished by a two-headed ogre

Skill      XL: |  1  2  3  4  5  6  7  8  9 |
---------------+----------------------------+-----
Invocations    | 1 2 3 4 |  4.7
Short Blades   | 1 2 3 4 |  4.3
Long Blades    | 1 2 3 4 |  4.3
Maces & Flails | 1 2 3 4 |  4.3
Polearms       | 1 2 3 4 |  4.3
Staves         | 1 2 3 4 |  4.3
Slings         | 1 2 3 4 |  4.3
Bows           | 1 2 3 4 |  4.3
Crossbows      | 1 2 3 4 |  4.3
Throwing       | 1 2 3 4 |  4.3
Dodging        | 1 2 3 4 |  4.3
Stealth        | 1 2 3 4 |  4.3
Unarmed Combat | 1 2 3 4 |  4.3
Spellcasting   | 1 2 3 4 |  4.3
Evocations     | 1 2 3 4 |  4.3
Conjurations   | 1 2 3 |  3.5
Hexes          | 1 2 3 |  3.5
Charms         | 1 2 3 |  3.5
Summonings     | 1 2 3 |  3.5
Necromancy     | 1 2 3 |  3.5
Translocations | 1 2 3 |  3.5
Transmutations | 1 2 3 |  3.5
Fire Magic     | 1 2 3 |  3.5
Ice Magic      | 1 2 3 |  3.5
Air Magic      | 1 2 3 |  3.5
Earth Magic    | 1 2 3 |  3.5
Poison Magic   | 1 2 3 |  3.5
Axes           | 5 6 |  6.3
Fighting       | 7 |  7.9
Armour         | 7 |  7.9
Shields        | 7 |  7.9

Action                   |  1- 3 |  4- 6 |  7- 9 || total
-------------------------+-------+-------+-------++-------
Melee: War axe           |    71 |       |       ||    71
       Bite              |     8 |    16 |    31 ||    55
       Short sword       |    45 |    48 |       ||    93
       Hand axe          |       |    71 |   234 ||   305
  Use: Scroll            |       |       |    10 ||    10
       Potion            |       |       |     1 ||     1
  Eat: Chunk             |       |     6 |     6 ||    12
Armor: Scale mail        |    55 |    41 |       ||    96
       Plate armour      |       |     9 |   112 ||   121
Dodge: Dodged            |    37 |    36 |    56 ||   129
Block: Shield            |    74 |    60 |   168 ||   302
